wizbiz, neutral female human Wizard ################### # # ----- # ---------- ------ #-.).| # ##+........| ##-....| #|...| # # |........-# ` |.....# #|...| ############..)......|####-....|# #|...| # # |@@......|# -|--|-# #----- # ### ----------# # # # # # # ######### #### # # # # # ## # # ########### ## # # #-----# --.-- # # #|...|# |...| # -----# #|...|# |.<.| # |...|# | #|....# |...| # |....# |$.[ #....| ----- ###|...| |........ ##----- #-...| -------- ----- wizbiz the Thaumaturge Experience level: 6 Strength: 9 Dexterity: 13 Constitution: 17 Intelligence: 18 Wisdom: 10 Charisma: 9 Health: 0(45) Energy: 49(60) Def: 7 Gold: 984 Moves: 5185 Dungeon seed: RJuljplKPNtKSneB Game ID: wizbiz_1527218857 Your Inventory: Coins $ - 984 gold pieces Amulets F - a blessed amulet of magical breathing Weapons a - a blessed +1 quarterstaff (weapon in hands) g - 8 +0 orcish arrows s - a +0 sling t - 31 +0 darts L - 2 +0 orcish daggers (in quiver) Q - a +0 sling X - 2 +0 knives Armor y - an uncursed +0 orcish helm z - a blessed +1 elven mithril-coat (being worn) K - an uncursed +1 cloak of magic resistance N - an uncursed +0 orcish helm (being worn) V - a blessed +1 dwarvish cloak Y - an uncursed -3 orcish helm Z - a cursed -3 helm of brilliance Comestibles u - an uncursed food ration P - an uncursed cram ration Scrolls o - an uncursed scroll of scare monster p - an uncursed scroll of genocide q - an uncursed scroll of identify x - an uncursed scroll of enchant weapon C - an uncursed scroll of magic mapping Potions h - a blessed potion of healing w - a blessed potion of see invisible E - a blessed potion of levitation S - an uncursed potion of object detection T - an uncursed potion of hallucination W - a blessed potion of object detection Rings c - an uncursed ring of stealth d - an uncursed ring of slow digestion v - an uncursed ring of levitation Wands b - a wand of speed monster (1:15) Tools e - an uncursed skeleton key n - an uncursed blindfold M - an uncursed lock pick R - an uncursed mirror Gems r - 2 uncursed worthless pieces of red glass I - an uncursed worthless piece of orange glass J - an uncursed jade stone Spells and supernatural/magical abilities: Name Level Category Fail Memory a - force bolt 1 attack 76% 75% h - healing 1 healing 76% 83% r - remove curse 3 clerical 100% 90% A - create familiar 6 clerical 100% 89% O - create monster 2 clerical 100% 75% W - pray for help -- divine ? -- Your skills at the end: Fighting Skills Weapon Skills quarterstaff [Basic] Spellcasting Skills attack spells [Basic] enchantment spells [Basic] Final Attributes: You were piously aligned. You are dead. Vanquished creatures: a leprechaun 2 wood nymphs a water nymph 10 Mordor orcs a rock piercer a yellow light 3 gnome lords a gray ooze a little dog a floating eye a dwarf a kobold lord a kobold shaman 3 hill orcs a rothe a giant bat 2 dwarf zombies a wererat 2 acid blobs a gas spore 2 hobbits 3 large kobolds a hobgoblin 2 giant rats a brown mold 2 yellow molds a green mold a red mold 3 geckos 8 jackals 3 kobolds 5 goblins 2 sewer rats 6 grid bugs a bat a lichen 3 kobold zombies 4 newts 85 creatures vanquished. Voluntary challenges: You were an atheist. You used a wielded weapon 99 times, starting on turn 141. You read items or engraved 57 times, starting on turn 128. You never genocided any monsters. You polymorphed 1 item, starting on turn 3045. You never changed form. You used no wishes. You never split a pudding. You never wrote Elbereth's name. You violated your moral code, losing 28 points of alignment, starting on turn 1918. Dungeon overview: The Dungeons of Doom: levels 1 to 7 Level 1 a long staircase Level 2 a fountain Level 3 Level 4 stairs to The Gnomish Mines Level 5 a fountain Level 6 a fountain Level 7 <- You were here The Gnomish Mines: Level 5 stairs to The Dungeons of Doom History has recorded: On T:1 you entered the Dungeons of Doom to retrieve the Amulet of Yendor! On T:138 you reached level 2 of The Dungeons of Doom. On T:436 you advanced to experience level 2. On T:548 you reached level 3 of The Dungeons of Doom. On T:891 you advanced to experience level 3. On T:1206 you advanced to experience level 4. On T:1614 you reached level 4 of The Dungeons of Doom. On T:1645 you reached level 5 of The Dungeons of Doom. On T:1812 you reached level 1 of The Gnomish Mines. On T:2216 you reached level 6 of The Dungeons of Doom. On T:2408 you advanced to experience level 5. On T:3341 you reached level 7 of The Dungeons of Doom. On T:4309 you advanced to experience level 6. Score breakdown: Gold: 984 (10182 points) Experience: 6 levels (12456 points) Exploration: 7 levels ( 14.29%) (10606 points) Discoveries: 5 items ( 1.74%) ( 3959 points) Valuables value: (no points given unless you survive) Artifact value: 0 ( 0 points) Variety of kills: 38 monsters ( 9.97%) ( 9474 points) Turncount: 5185 turns (-1408 points) Survival: died (score multiplied by 80%) Total score: 36215 Latest messages: You start removing your elven mithril-coat. You take off your cloak of magic resistance. It is missed. You stop changing your equipment. You are hit by a runed dagger. Wizard, your life force is running out. You feel better. You fail to cast the spell correctly. You fail to cast the spell correctly. You fail to cast the spell correctly. The Woodland-elf thrusts his runed spear. The Woodland-elf hits! You die... Final status: Goodbye wizbiz the Wizard, killed by a Woodland-elf... You died in The Dungeons of Doom on dungeon level 7 with 36215 points, and 984 pieces of gold, after 5185 moves. You were level 6 with a maximum of 45 hit points when you died.